 Dungeon Crawl Stone Soup version 0.16-a0-4020-g6ff35b5 (webtiles) character file.

6648 dysrexia the Martial Artist (level 11, -3/86 (92) HPs)
             Began as a Human Monk on Feb 18, 2015.
             Was a High Priest of Okawaru.
             Slain by a komodo dragon (31 damage)
             ... on level 2 of the Lair of Beasts.
             The game lasted 00:48:10 (11891 turns).

dysrexia the Martial Artist (Human Monk)           Turns: 11891, Time: 00:48:10

HP:   -3/86 (92)    AC:  7    Str: 15    XL:     11   Next: 22%
MP:   11/11         EV: 11    Int: 17    God:    Okawaru [*****.]
Gold: 469           SH:  0    Dex: 15    Spells: 0 memorised, 10 levels left

rFire  + . .     SeeInvis .       - Unarmed
rCold  + . .     Clarity  .     H - +0 ring mail {rF+}
rNeg   . . .     SustAb   .     Q - +0 buckler
rPois  .         Gourm    .     d - +0 helmet
rElec  .         Spirit   .     (no cloak)
rCorr  .         Warding  .     s - +0 pair of gloves
rMut   .         Stasis   .     (no boots)
MR     .....                    (no amulet)
Stlth  +.........               j - +6 ring of intelligence
                                c - ring of protection from cold

@: confused, not resistant to hostile enchantments, very unstealthy
A: no striking features
a: Heroism, Finesse, Renounce Religion


You were on level 2 of the Lair of Beasts.
You worshipped Okawaru.
Okawaru was extremely pleased with you.
You were not hungry.

You visited 3 branches of the dungeon, and saw 11 of its levels.

You collected 535 gold pieces.
You spent 66 gold pieces at shops.

Inventory:

Hand weapons
 t - a +0 blowgun
Missiles
 g - 11 poisoned needles
 h - 15 stones (quivered)
Armour
 d - a +0 helmet (worn)
 s - a +0 pair of gloves (worn)
 w - a +0 shield
 H - a +0 ring mail of fire resistance (worn)
 J - a +0 plate armour
 Q - a +0 buckler (worn)
Magical staves
 u - an uncursed staff of wizardry
Jewellery
 c - a ring of protection from cold (left hand)
 f - a cursed -2 ring of evasion {unknown}
 j - a +6 ring of intelligence (right hand)
 D - an uncursed ring of wizardry
 K - an uncursed ring of flight {unknown}
Magical devices
 i - a wand of fire (7)
 m - a wand of enslavement (12)
 E - a wand of magic darts (30)
 L - a wand of digging (13)
Scrolls
 a - a scroll of remove curse
 e - 3 scrolls of identify
 v - 4 scrolls of teleportation
 x - 2 scrolls of fog
 y - a scroll of noise
 A - 3 scrolls of recharging
 C - 2 scrolls of enchant weapon
 P - 2 scrolls of fear
Potions
 k - 3 potions of might
 o - a potion of agility {unknown}
 q - a potion of magic {unknown}
 z - a potion of poison {unknown}
 B - a potion of resistance {unknown}
 F - 3 potions of curing
 G - a potion of restore abilities {unknown}
 I - a potion of haste {unknown}
 N - a potion of beneficial mutation {unknown}
Books
 M - a book of Debilitation

   Spells                             Type                      Level
   a - Corona                         Hexes                        1
   b - Slow                           Hexes                        2
   c - Inner Flame                    Hexes/Fire                   3
   d - Enslavement                    Hexes                        4
   e - Cause Fear                     Hexes                        4
   f - Leda's Liquefaction            Hexes/Earth                  4
Miscellaneous
 p - a fan of gales
 O - a stone of tremors
Comestibles
 b - 5 bread rations
 n - 3 meat rations
 r - 6 beef jerkies
 R - a chunk of flesh


   Skills:
 + Level 10.4 Fighting
 + Level 2.0 Armour
 - Level 3.5 Dodging
 - Level 2.0 Stealth
 * Level 12.9 Unarmed Combat


You had 10 spell levels left.
You didn't know any spells.

Dungeon Overview and Level Annotations

Branches:
Dungeon (8/15)             Temple (1/1) D:5            Lair (2/8) D:8

Altars:
Ashenzari
Cheibriados
Dithmenos
Elyvilon
Fedhas
Gozag
Kikubaaqudgha
Makhleb
Nemelex Xobeh
Okawaru
Qazlal
Ru
Trog
Vehumet
Xom
Yredelemnul
Zin
The Shining One

Shops:
D:4 *   D:5 :

Annotations:
D:3 exclusion: oklob plant
D:8 Erolcha, Prince Ribbit


Message History

The komodo dragon is heavily wounded.
The komodo dragon bites you!
You punch the komodo dragon!
The komodo dragon is severely wounded.
The komodo dragon bites you!!
You hit the komodo dragon but do no damage.
The komodo dragon is severely wounded.
The komodo dragon bites you!!
* * * LOW HITPOINT WARNING * * *
Read which item? (? for menu, Esc to quit)
Okay, then.
Drink which item? (? for menu, Esc to quit)
You are confused.
You feel invigorated.
You bump into the rock wall.
The komodo dragon misses you.
You bump into the rock wall.
The komodo dragon barely misses you.
You hit the komodo dragon but do no damage.
The komodo dragon is severely wounded.
The komodo dragon bites you!!
You die...

...........#### ..###.........
.....##P...# ..............
.P.######P.# .............. ..##
##.# ............... .## #..#
#............... .## ##.##
##............... ..#
######..#####P...............
..###P..#..#.#.###...............
.....>....[....l@................
...###P#...#######...............
.### ###...# #............... .#
###.# ##...............
.########P.# #................
.#..##..##.# #................
...........#######...............
.####P.##....#.##P....##.P.###...
.# ####.#..........###..### #...


You could see a komodo dragon.

Vanquished Creatures
  Maurice (D:8)
  2 spiny frogs (Lair:1)
  A komodo dragon (Lair:1)
  A basilisk (Lair:1)
  A hippogriff (D:8)
  A wyvern (D:8)
  6 yaks (Lair:1)
  A hungry ghost (D:7)
  6 porcupines
  4 water moccasins
  3 ice beasts
  2 ogres
  A phantom (D:7)
  2 necrophages
  2 crocodiles (Lair:1)
  4 centaurs
  Sigmund (D:7)
  6 giant frogs
  8 scorpions
  2 crimson imps (D:5)
  A centaur zombie (D:5)
  A goliath beetle (D:6)
  An orc priest (D:5)
  4 hounds
  8 iguanas
  2 hell rats (D:8)
  3 orc wizards
  3 worker ants
  Jessica (D:3)
  A killer bee zombie (D:5)
  A hound skeleton (D:6)
  7 adders
  11 river rats
  2 worms
  2 shadow imps (D:7)
  2 adder skeletons
  4 giant geckos
  10 orcs
  2 ball pythons
  4 bat skeletons
  A bat zombie (D:6)
  5 giant cockroaches
  7 goblins
  8 hobgoblins
  14 kobolds
  9 quokkas
  13 bats
  10 giant newts
  A quokka zombie (D:5)
  14 rats
207 creatures vanquished.

Notes
Turn   | Place    | Note
--------------------------------------------------------------
     0 | D:1      | dysrexia, the Human Monk, began the quest for the Orb.
     0 | D:1      | Reached XP level 1. HP: 18/18 MP: 1/1
   273 | D:1      | Reached XP level 2. HP: 24/24 MP: 2/2
   757 | D:2      | Reached XP level 3. HP: 26/29 MP: 3/3
   820 | D:2      | Found a shattered altar of Ashenzari.
  1024 | D:2      | HP: 1/29 [worm (8)]
  1280 | D:2      | Reached skill level 5 in Unarmed Combat
  1646 | D:2      | Reached XP level 4. HP: 31/35 MP: 4/4
  2142 | D:3      | Found a blossoming altar of Fedhas.
  2161 | D:3      | Noticed an oklob plant
  2268 | D:3      | Noticed Jessica
  2291 | D:3      | Killed Jessica
  2291 | D:3      | Reached skill level 6 in Unarmed Combat
  2291 | D:3      | Reached XP level 5. HP: 35/41 MP: 5/5
  2905 | D:4      | Reached XP level 6. HP: 9/47 MP: 6/6
  3106 | D:4      | Reached skill level 7 in Unarmed Combat
  3356 | D:4      | Found a white marble altar of Elyvilon.
  3536 | D:5      | Entered Level 5 of the Dungeon
  3604 | D:5      | Noticed an ice beast
  3651 | D:4      | Killed an ice beast
  3651 | D:4      | Reached XP level 7. HP: 37/52 MP: 7/7
  3672 | D:4      | Found Gual's Assorted Antiques.
  3683 | D:4      | Bought a scroll of teleportation for 66 gold pieces
  3716 | D:5      | Reached skill level 8 in Unarmed Combat
  4033 | D:5      | Noticed an ice beast
  4071 | D:5      | Killed an ice beast
  4071 | D:5      | Reached skill level 9 in Unarmed Combat
  4315 | D:5      | Found Kubbuikh's Book Boutique.
  4418 | D:5      | Reached XP level 8. HP: 43/58 MP: 8/8
  4673 | D:5      | Found a staircase to the Ecumenical Temple.
  4678 | Temple   | Entered the Ecumenical Temple
  4734 | Temple   | Became a worshipper of Warmaster Okawaru
  4734 | Temple   | Acquired Okawaru's first power
  5295 | D:5      | Reached skill level 10 in Unarmed Combat
  5523 | D:6      | Found a shimmering altar of Xom.
  6173 | D:7      | Reached skill level 11 in Unarmed Combat
  6173 | D:7      | Reached XP level 9. HP: 21/59 MP: 9/9
  6660 | D:7      | Noticed Sigmund
  6668 | D:7      | Killed Sigmund
  7092 | D:7      | Found an opulent altar of Gozag.
  7110 | D:7      | Reached skill level 12 in Unarmed Combat
  7629 | D:8      | Noticed Prince Ribbit
  7676 | D:8      | Found a radiant altar of Vehumet.
  7678 | D:8      | Noticed Maurice
  7782 | D:8      | Killed Maurice
  7973 | D:8      | Found a shattered altar of Ashenzari.
  8037 | D:8      | HP: 1/57 [wyvern (13)]
  8482 | D:8      | Found a burning altar of Makhleb.
  8622 | D:8      | Reached skill level 5 in Fighting
  8622 | D:8      | Reached XP level 10. HP: 47/68 MP: 7/10
  8892 | D:8      | Found a staircase to the Lair.
  8957 | D:8      | Noticed Erolcha
  9053 | Lair:1   | Entered Level 1 of the Lair of Beasts
  9636 | Lair:1   | Noticed a spiny frog
  9706 | Lair:1   | Killed a spiny frog
  9930 | Lair:1   | Noticed a spiny frog
  9939 | Lair:1   | Killed a spiny frog
 10569 | Lair:1   | Acquired Okawaru's second power
 10569 | Lair:1   | Reached skill level 10 in Fighting
 10771 | Lair:1   | Reached XP level 11. HP: 77/84 MP: 11/11
 10814 | Lair:1   | Reached skill level 1 in Armour
 10870 | Lair:1   | Received a gift from Okawaru
 11256 | Lair:2   | Found a shimmering altar of Xom.
 11891 | Lair:2   | Slain by a komodo dragon

Action                   |  1- 3 |  4- 6 |  7- 9 | 10-12 || total
-------------------------+-------+-------+-------+-------++-------
Melee: Unarmed           |   133 |   183 |   299 |   283 ||   898
 Fire: Blowgun           |       |     2 |    12 |     9 ||    23
Throw: Stone             |     6 |     7 |       |     6 ||    19
       Throwing net      |       |       |     1 |       ||     1
Invok: Heroism           |       |       |     2 |     4 ||     6
  Use: Scroll            |     1 |     8 |     7 |       ||    16
       Potion            |       |     2 |     1 |     1 ||     4
 Stab: Sleeping          |     2 |     1 |     1 |     1 ||     5
  Eat: Chunk             |     2 |     6 |    13 |    11 ||    32
       Pizza             |       |       |     1 |       ||     1
       Fruit             |       |       |       |     2 ||     2
